 Dungeon Crawl Stone Soup version 0.29.1-15-g9cfb28693d (webtiles) character file.

Game seed: 2763194557069230054

754 hawla the Magician (level 7, 0/54 HPs)
             Began as a Deep Elf Fire Elementalist on Apr 11, 2023.
             Was an Initiate of Vehumet.
             Splashed by a jelly's acid (11 damage)
             ... on level 5 of the Dungeon.
             The game lasted 00:12:55 (4311 turns).

hawla the Magician (Deep Elf Fire Elementalist)     Turns: 4311, Time: 00:12:56

Health: 0/54       AC: 15    Str:  9    XL:     7   Next: 49%
Magic:  0/18       EV:  2    Int: 21    God:    Vehumet [......]
Gold:   200        SH:  0    Dex: 12    Spells: 11/18 levels left

rFire   . . .      SeeInvis .   s - +0 rapier
rCold   . . .      Faith    .   (no shield)
rNeg    . . .      Spirit   .   (body armour currently unavailable)
rPois   +          Reflect  .   (helmet currently unavailable)
rElec   .          Harm     .   (cloak currently unavailable)
rCorr   .          Rampage  .   (gloves currently unavailable)
Will    .....      NoTele   +   (boots currently unavailable)
Stlth   ++........              (no amulet)
HPRegen 0.18/turn               (no ring)
MPRegen 0.16/turn               (no ring)

@: tree-form, corroded
A: stationary, stasis, torment immunity, boosted hp, (iridescent scales 1),
clumsy 1, strong 1, evolution 1
a: Renounce Religion


You were on level 5 of the Dungeon.
You worshipped Vehumet.
Vehumet was noncommittal.
You were a tree.
You visited 1 branch of the dungeon, and saw 5 of its levels.

You collected 200 gold pieces.

Inventory:

Hand Weapons
 s - a +0 rapier (weapon)
Armour
 a - a +0 robe (melded)
Jewellery
 t - a +4 ring of protection
Scrolls
 d - a scroll of summoning
 h - 2 scrolls of fear {unknown}
 i - a scroll of blinking
 j - 2 scrolls of teleportation {unknown}
 k - 2 scrolls of enchant weapon
 l - a scroll of immolation {unknown}
 m - a scroll of brand weapon {unknown}
 o - 2 scrolls of torment {unknown}
Potions
 b - 3 potions of magic
 e - a potion of might
 n - 2 potions of cancellation
 p - 2 potions of lignification
 q - a potion of haste
 r - a potion of berserk rage


   Skills:
 + Level 0.1 Fighting
 + Level 3.0 Dodging
 + Level 3.5 Stealth
 + Level 6.3 Spellcasting
 + Level 5.2 Conjurations
 + Level 6.0 Fire Magic


You had 11 spell levels left.
You knew the following spells:

 Your Spells              Type           Power      Damage    Failure   Level
a - Foxfire               Conj/Fire      100%       2x1d9     1%          1
b - Scorch                Fire           64%        2d8       1%          2
c - Flame Wave            Conj/Fire      30%        2d9       10%         4

Your spell library contained the following spells:

 Spells                   Type           Power      Damage    Failure   Level
 Conjure Flame            Conj/Fire      30%        6-21      2%          3
 Inner Flame              Hex/Fire       19%        N/A       9%          3
 Ensorcelled Hibernation  Hex/Ice        12%        N/A       14%         2
 Spider Form              Tmut/Pois      6%         N/A       28%         3
 Anguish                  Hex/Necr       3%         N/A       67%         4


Dungeon Overview and Level Annotations

Branches:
Dungeon (5/15)
 Temple: D:4-7

Altars:
Okawaru
Sif Muna
Vehumet

Shops:
D:2 *[:


Innate Abilities, Weirdness & Mutations

You are a tree.
Your roots penetrate the ground, keeping you stationary.
You cannot be teleported.
You are immune to unholy pain and torment.
Your maximum health is greatly increased.
Your equipment is partially melded.
((You are partially covered in iridescent scales. (AC +2)))
You are clumsy. (Dex -2)
Your muscles are strong. (Str +4, Int/Dex -1)
You have hidden genetic potential.


Message History

You kill Edmund!
Vehumet accepts your kill.
Your Spellcasting skill increases to level 6!
Your Fire Magic skill increases to level 6!
A jelly comes into view.
Things that are here:
a +2 flail of protection; a +0 chain mail; the human corpse of Edmund A jelly is nearby!
A jelly is nearby!
An orc comes into view. It is wielding a +0 short sword.
The orc moves out of view.
Casting: Scorch (safe; 1% risk of failure)
Confirm with . or Enter, or press ? or * to list all spells.
You conjure some foxfire!
The jelly misses you.
You hit the jelly but do no damage. The acid corrodes you!
Your hands burn!
The foxfire hits the jelly.
The jelly is lightly wounded.
The foxfire hits the jelly.
The jelly is lightly wounded.
The jelly hits you.
You are splashed with acid!
* * * LOW HITPOINT WARNING * * *
Really quaff the potion of lignification?
You turn into a tree.
Your +0 robe melds into your body.
Your roots penetrate the ground.
The jelly hits you but does no damage.
Casting: Foxfire (safe; 1% risk of failure)
Confirm with . or Enter, or press ? or * to list all spells.
You conjure some foxfire!
A hound comes into view.
The jelly hits you but does no damage. The orc hits you but does no damage.
You hit the jelly. The acid corrodes you!
Your branches burn!
* * * LOW HITPOINT WARNING * * *
The jelly is moderately wounded.
The foxfire hits the jelly!
The jelly is severely wounded.
The foxfire hits the jelly.
The jelly is almost dead.
The jelly hits you.
* * * LOW HITPOINT WARNING * * *
You are splashed with acid!
You die...

##.####. ##
##..##... ##.
##..##..##
####..####..#...##
#....#.♣~~.♣..###
......~.~~~###
#..#.~...#
..#######........#
..h....♣o..##..###
#######J.#####.)..
#.## ###.#.. #.#
.# ##.# # ####..#
#..).## #.#### #.


You could see a hound, a jelly and an orc.

Vanquished Creatures
  A steam dragon (D:4)
  Edmund (D:5)
  Blork the orc (D:4)
  A necrophage (D:4)
  An orc priest (D:4)
  2 jellies (D:4)
  Natasha (thrice) (D:3)
  2 orc wizards
  3 gnolls (D:3)
  4 adders
  An ufetubus (D:4)
  2 worms (D:2)
  2 dart slugs
  7 orcs
  7 endoplasms
  3 giant cockroaches (D:3)
  6 goblins
  5 hobgoblins
  4 jackals (D:1)
  10 kobolds
  4 quokkas
  7 ball pythons
  15 bats
  2 frilled lizards
  7 rats
101 creatures vanquished.

Vanquished Creatures (others)
  236 foxfires
236 creatures vanquished.

Grand Total: 337 creatures vanquished

Notes
Turn   | Place    | Note
-------+----------+-------------------------------------------
     0 | D:1      | hawla the Deep Elf Fire Elementalist began the quest for
                  | the Orb.
     0 | D:1      | Reached XP level 1. HP: 10/10 MP: 6/6
   228 | D:1      | Reached XP level 2. HP: 15/15 MP: 5/8
   231 | D:1      | Learned a level 2 spell: Scorch
   523 | D:1      | Found a faded altar of an unknown god.
   848 | D:1      | Reached XP level 3. HP: 19/19 MP: 7/10
  1559 | D:2      | Found Viapsuka's Antique Armour Shop.
  1645 | D:2      | Found Ruazo's Book Emporium.
  1718 | D:2      | Identified the +5 spear "Vacseve" {flame, rF++ Will- Dex+5}
  1853 | D:2      | Reached XP level 4. HP: 24/24 MP: 9/12
  1858 | D:2      | Learned a level 4 spell: Flame Wave
  1881 | D:2      | Found Varyreo's Assorted Antiques.
  2253 | D:3      | Found an iron altar of Okawaru.
  2330 | D:3      | Noticed Natasha
  2334 | D:3      | Killed Natasha
  2491 | D:3      | Noticed Natasha
  2502 | D:3      | Killed Natasha
  2509 | D:3      | Reached XP level 5. HP: 28/28 MP: 4/13
  2657 | D:3      | Noticed Natasha
  2660 | D:3      | Killed Natasha
  3001 | D:3      | Found a radiant altar of Vehumet.
  3016 | D:3      | Became a worshipper of Vehumet
  3248 | D:4      | Noticed Blork the orc
  3255 | D:4      | Killed Blork the orc
  3256 | D:4      | Reached XP level 6. HP: 30/32 MP: 7/15
  3350 | D:4      | Reached skill level 5 in Spellcasting
  3361 | D:4      | Noticed a steam dragon
  3367 | D:4      | Killed a steam dragon
  3368 | D:4      | Reached skill level 5 in Fire Magic
  3811 | D:4      | Found a shimmering blue altar of Sif Muna.
  3849 | D:4      | Reached XP level 7. HP: 36/36 MP: 6/17
  3869 | D:4      | Reached skill level 5 in Conjurations
  4240 | D:5      | Entered Level 5 of the Dungeon
  4251 | D:5      | Gained mutation: You are clumsy. (Dex -2) [potion of
                  | mutation]
  4251 | D:5      | Gained mutation: You are partially covered in iridescent
                  | scales. (AC +2) [potion of mutation]
  4251 | D:5      | Gained mutation: Your muscles are strong. (Str +4, Int/Dex
                  | -1) [potion of mutation]
  4251 | D:5      | Gained mutation: You have hidden genetic potential. [potion
                  | of mutation]
  4287 | D:5      | Noticed Edmund
  4298 | D:5      | Killed Edmund
  4311 | D:5      | Splashed by a jelly's acid

Illustrated notes

Levels and vault maps discovered:
D:1:      dpeg_arrival_round_c, layout_loops_ring,
          shapermc_ecumenical_altar_starsandcircs, reono_crystal_passage
D:2:      layout_basic, serial_shops, shop, shop, shop
D:3:      layout_rooms, lemuel_crystal_altar, nicolae_vehumet_altar_sigil,
          uniq_natasha
D:4:      layout_rooms, led_sif_pool, kennysheep_generic_room_16,
          uniq_blork_the_orc
D:5:      layout_rooms, serial_bayou_pond_e, roderic_batcave, uniq_edmund

Skill      XL: |  1  2  3  4  5  6  7 |
---------------+----------------------+-----
Stealth        | 3 |  3.5
Spellcasting   | 4 5 6 |  6.3
Conjurations   | 3 4 5 |  5.2
Fire Magic     | 4 5 6 |  6.0
Dodging        | 3 |  3.0
Fighting       | |  0.1

Action                   |  1- 3 |  4- 6 |  7- 9 || total
-------------------------+-------+-------+-------++-------
Melee: Unarmed           |    23 |     1 |       ||    24
       Punch             |     1 |       |       ||     1
       Rapier            |       |     8 |     6 ||    14
 Cast: Foxfire           |    65 |    59 |    13 ||   137
       Scorch            |     6 |    20 |     7 ||    33
       Flame Wave        |       |     1 |     2 ||     3
  Use: Potion            |       |     2 |     2 ||     4
       Scroll            |       |       |     9 ||     9
 Stab: Distracted        |     1 |       |       ||     1
Armor: Robe              |    10 |     2 |       ||    12
       Skin              |       |       |     3 ||     3
Dodge: Dodged            |    27 |    16 |     6 ||    49
